IL
EL PASO CHIHUAHUAS @ OKLAHOMA CITY DODGERS
05/01/2047
 
TOP OF THE 1ST
El Paso Chihuahuas batting - Pitching for Oklahoma City Dodgers : RHP Jeremy Stock
Pitching: RHP Jeremy Stock
Batting: RHB David Aguilar 0-0: Ball
1-0: Swinging Strike
1-1: Called Strike
1-2: Fly out, F8 (Flyball, 89M, EV 96.9 MPH)
Batting: RHB Danny Bunn 0-0: Swinging Strike
0-1: Ground out 6-3 (Groundball, 6, EV 92.5 MPH)
Batting: LHB Sammy Roddenberry 0-0: Called Strike
0-1: Foul Ball, location: 2F
0-2: Ball
1-2: Fly out, F8 (Line Drive, 89D, EV 89.4 MPH)
Top of the 1st over - 0 runs, 0 hits, 0 errors, 0 left on base; El Paso 0 - Oklahoma City 0
BOTTOM OF THE 1ST
Oklahoma City Dodgers batting - Pitching for El Paso Chihuahuas : LHP Blaine Whitmore
Pitching: LHP Blaine Whitmore
Batting: RHB Sam Saunders 0-0: Ball
1-0: Ball
2-0: Ball
3-0: Called Strike
3-1: Base on Balls
Batting: RHB Curt Earnest 0-0: Called Strike
0-1: Ball
Sam Saunders is caught stealing 2nd base 2-4
1-1: Called Strike
1-2: Foul Ball, location: 2F
1-2: Ball
2-2: Ground out 5-3 (Groundball, 56, EV 90.6 MPH)
Batting: SHB Shane Marcum 0-0: Called Strike
0-1: Foul Ball, location: 2F
0-2: Ball
1-2: Ball
2-2: Ball
3-2: Foul Ball, location: 2F
3-2: SOLO HOME RUN (Flyball, 7D, EV 101.2 MPH), Distance : 362 ft
Batting: SHB Ken Welch 0-0: Ball
1-0: Foul Ball, location: 2F
1-1: Ball
2-1: Fly out, F8 (Flyball, 78D, EV 98.1 MPH)
Bottom of the 1st over - 1 run, 1 hit, 0 errors, 0 left on base; El Paso 0 - Oklahoma City 1
TOP OF THE 2ND
El Paso Chihuahuas batting - Pitching for Oklahoma City Dodgers : RHP Jeremy Stock
Batting: RHB Andy Sheridan 0-0: Ball
1-0: Fly out, F5 (Line Drive, 5L, EV 67.5 MPH)
Batting: RHB Mike Maserang 0-0: Called Strike
0-1: Swinging Strike
0-2: Ball
1-2: Ball
2-2: Ground out 6-3 (Groundball, 6S, EV 80.6 MPH)
Batting: RHB Kiril Emeshin 0-0: Called Strike
0-1: Ball
1-1: Fly out, F9 (Flyball, 89S, EV 88.1 MPH)
Top of the 2nd over - 0 runs, 0 hits, 0 errors, 0 left on base; El Paso 0 - Oklahoma City 1
BOTTOM OF THE 2ND
Oklahoma City Dodgers batting - Pitching for El Paso Chihuahuas : LHP Blaine Whitmore
Batting: RHB Ben Mischnick 0-0: Swinging Strike
0-1: Ground out U3 (Groundball, 3, EV 88.8 MPH)
Batting: RHB Jeremy Giesler 0-0: Called Strike
0-1: Ball
1-1: Fly out, F9 (Flyball, 89M, EV 88.1 MPH)
Batting: RHB Nick Beggs 0-0: Called Strike
0-1: Swinging Strike
0-2: Strikes out looking
Bottom of the 2nd over - 0 runs, 0 hits, 0 errors, 0 left on base; El Paso 0 - Oklahoma City 1
TOP OF THE 3RD
El Paso Chihuahuas batting - Pitching for Oklahoma City Dodgers : RHP Jeremy Stock
Batting: RHB Dan Grable 0-0: Ground out 2-3 (Groundball, 2L, EV 70.6 MPH)
Batting: LHB Rogelio Nunez 0-0: Ball
1-0: Ball
2-0: Foul Ball, location: 2F
2-1: Ball
3-1: Called Strike
3-2: Strikes out swinging
Batting: RHB Matt Fabre 0-0: Swinging Strike
0-1: Foul Ball, location: 2F
0-2: Foul Ball, location: 2F
0-2: Ball
1-2: Ball
2-2: Fly out, F7 (Flyball, 7LS, EV 89.4 MPH)
Top of the 3rd over - 0 runs, 0 hits, 0 errors, 0 left on base; El Paso 0 - Oklahoma City 1
BOTTOM OF THE 3RD
Oklahoma City Dodgers batting - Pitching for El Paso Chihuahuas : LHP Blaine Whitmore
Batting: LHB Frank Mullen 0-0: Called Strike
0-1: Swinging Strike
0-2: Fly out, F8 (Line Drive, 78D, EV 88.8 MPH)
Batting: LHB Darrell Ortega 0-0: Fly out, F8 (Flyball, 8RM, EV 84.4 MPH)
Batting: RHB Sam Saunders 0-0: Ball
1-0: Foul Ball, location: 2F
1-1: Foul Ball, location: 2F
1-2: Foul Ball, location: 2F
1-2: Ball
2-2: Foul Ball, location: 2F
2-2: Ball
3-2: Ground out 6-3 (Groundball, 6, EV 87.5 MPH)
Bottom of the 3rd over - 0 runs, 0 hits, 0 errors, 0 left on base; El Paso 0 - Oklahoma City 1
TOP OF THE 4TH
El Paso Chihuahuas batting - Pitching for Oklahoma City Dodgers : RHP Jeremy Stock
Batting: RHB David Aguilar 0-0: Called Strike
0-1: Swinging Strike
0-2: Strikes out swinging
Batting: RHB Danny Bunn 0-0: Ball
1-0: Called Strike
1-1: Ball
2-1: Ball
3-1: Called Strike
3-2: Fly out, F6 (Popup, 6MD, EV 66.9 MPH)
Batting: LHB Sammy Roddenberry 0-0: Foul Ball, location: 2F
0-1: Ball
1-1: Ball
2-1: Fly out, F9 (Line Drive, 89M, EV 93.8 MPH)
Top of the 4th over - 0 runs, 0 hits, 0 errors, 0 left on base; El Paso 0 - Oklahoma City 1
BOTTOM OF THE 4TH
Oklahoma City Dodgers batting - Pitching for El Paso Chihuahuas : LHP Blaine Whitmore
Batting: RHB Curt Earnest 0-0: Ball
1-0: Ball
2-0: SOLO HOME RUN (Flyball, 7LD, EV 98.1 MPH), Distance : 354 ft
Batting: SHB Shane Marcum 0-0: Ball
1-0: Foul Ball, location: 2F
1-1: Swinging Strike
1-2: Ball
2-2: Strikes out swinging, 2-3 out at first.
Batting: SHB Ken Welch 0-0: Ball
1-0: Foul Ball, location: 2F
1-1: Ball
2-1: SINGLE (Line Drive, 4D, EV 98.8 MPH)
Batting: RHB Ben Mischnick 0-0: Ball
1-0: Ball
2-0: Ball
3-0: Base on Balls
Ken Welch to second
Batting: RHB Jeremy Giesler 0-0: Ball
1-0: Fielders Choice at 2nd, 3-6 (Groundball, 34S, EV 83.1 MPH)
Ken Welch to third
Batting: RHB Nick Beggs 0-0: Ball
Jeremy Giesler is caught stealing 2nd base 2-4
Bottom of the 4th over - 1 run, 2 hits, 0 errors, 1 left on base; El Paso 0 - Oklahoma City 2
TOP OF THE 5TH
El Paso Chihuahuas batting - Pitching for Oklahoma City Dodgers : RHP Jeremy Stock
Batting: RHB Andy Sheridan 0-0: Fly out, F3 (Line Drive, 3L, EV 68.1 MPH)
Batting: RHB Mike Maserang 0-0: Called Strike
0-1: Ball
1-1: Ball
2-1: Foul Ball, location: 2F
2-2: DOUBLE (Groundball, 5L, EV 103.8 MPH)
Batting: RHB Kiril Emeshin 0-0: Foul Ball, location: 2F
0-1: Ball
1-1: Called Strike
1-2: Foul Ball, location: 2F
1-2: Strikes out swinging
Batting: RHB Dan Grable 0-0: Ball
1-0: Called Strike
1-1: Ball
2-1: Swinging Strike
2-2: Ball
3-2: Fly out, F8 (Flyball, 8LD, EV 85.6 MPH)
Top of the 5th over - 0 runs, 1 hit, 0 errors, 1 left on base; El Paso 0 - Oklahoma City 2
BOTTOM OF THE 5TH
Oklahoma City Dodgers batting - Pitching for El Paso Chihuahuas : LHP Blaine Whitmore
Batting: RHB Nick Beggs 0-0: Ball
1-0: Ball
2-0: Foul Ball, location: 2F
2-1: Foul Ball, location: 2F
2-2: Strikes out looking
Batting: LHB Frank Mullen 0-0: Ball
1-0: Ball
2-0: Ball
3-0: Base on Balls
Batting: LHB Darrell Ortega 0-0: Called Strike
Frank Mullen steals 2nd base
0-1: Called Strike
0-2: Ball
1-2: Ground out 4-3 (Groundball, 4, EV 104.4 MPH)
Frank Mullen to third
Batting: RHB Sam Saunders 0-0: Called Strike
0-1: Ground out 1-3 (Groundball, 34S, EV 70.0 MPH)
Bottom of the 5th over - 0 runs, 0 hits, 0 errors, 1 left on base; El Paso 0 - Oklahoma City 2
TOP OF THE 6TH
El Paso Chihuahuas batting - Pitching for Oklahoma City Dodgers : RHP Jeremy Stock
Batting: LHB Rogelio Nunez 0-0: Foul Ball, location: 2F
0-1: DOUBLE (Line Drive, 9LS, EV 107.5 MPH)
Batting: RHB Matt Fabre 0-0: Ball
1-0: Swinging Strike
1-1: Ball
2-1: Ball
3-1: Foul Ball, location: 2F
3-2: Fly out, F9 (Flyball, 9, EV 91.2 MPH)
Batting: RHB David Aguilar 0-0: Swinging Strike
0-1: Ball
1-1: Ball
2-1: Foul Ball, location: 2F
2-2: Ground out 4-3 (Groundball, 4, EV 91.9 MPH)
Rogelio Nunez to third
Batting: RHB Danny Bunn 0-0: Swinging Strike
0-1: Foul Ball, location: 2F
0-2: Ball
1-2: Foul Ball, location: 2F
1-2: Strikes out looking
Top of the 6th over - 0 runs, 1 hit, 0 errors, 1 left on base; El Paso 0 - Oklahoma City 2
BOTTOM OF THE 6TH
Oklahoma City Dodgers batting - Pitching for El Paso Chihuahuas : LHP Blaine Whitmore
Batting: RHB Curt Earnest 0-0: Ball
1-0: Foul Ball, location: 2F
1-1: Ball
2-1: SOLO HOME RUN (Flyball, 7D, EV 96.9 MPH), Distance : 375 ft
Batting: SHB Shane Marcum 0-0: Ball
1-0: Called Strike
1-1: Ground out 5-3 (Groundball, 56, EV 83.8 MPH)
Batting: SHB Ken Welch 0-0: Fly out, F8 (Line Drive, 8RM, EV 97.5 MPH)
Batting: RHB Ben Mischnick 0-0: Ball
1-0: Foul Ball, location: 2F
1-1: Ball
2-1: Fly out, F8 (Flyball, 8RD, EV 102.5 MPH)
Bottom of the 6th over - 1 run, 1 hit, 0 errors, 0 left on base; El Paso 0 - Oklahoma City 3
TOP OF THE 7TH
El Paso Chihuahuas batting - Pitching for Oklahoma City Dodgers : RHP Jeremy Stock
Batting: LHB Sammy Roddenberry 0-0: Ball
1-0: Ball
2-0: Fly out, F6 (Line Drive, 6M, EV 72.5 MPH)
Batting: RHB Andy Sheridan 0-0: Ball
1-0: Ball
2-0: Ball
3-0: Base on Balls
Batting: RHB Mike Maserang 0-0: Called Strike
0-1: Called Strike
0-2: Ball
1-2: Ball
2-2: Foul Ball, location: 2F
2-2: Ball
3-2: Strikes out swinging
Pitching: RHP Craig Fallon
Batting: RHB Kiril Emeshin 0-0: Ball
1-0: Fielders Choice at 2nd, 6-4 (Groundball, 6, EV 91.9 MPH)
Top of the 7th over - 0 runs, 0 hits, 0 errors, 1 left on base; El Paso 0 - Oklahoma City 3
BOTTOM OF THE 7TH
Oklahoma City Dodgers batting - Pitching for El Paso Chihuahuas : LHP Blaine Whitmore
Batting: RHB Jeremy Giesler 0-0: Ball
1-0: Ground out 5-3 (Groundball, 56S, EV 72.5 MPH)
Batting: RHB Nick Beggs 0-0: Ball
1-0: Swinging Strike
1-1: Ball
2-1: Fly out, F9 (Flyball, 9, EV 83.8 MPH)
Batting: LHB Frank Mullen 0-0: Ball
1-0: Ball
2-0: Ball
3-0: Called Strike
3-1: Base on Balls
Pitching: RHP Rick Cotner
Batting: LHB Darrell Ortega 0-0: Ground out 4-3 (Groundball, 4, EV 85.6 MPH)
Bottom of the 7th over - 0 runs, 0 hits, 0 errors, 1 left on base; El Paso 0 - Oklahoma City 3
TOP OF THE 8TH
El Paso Chihuahuas batting - Pitching for Oklahoma City Dodgers : RHP Craig Fallon
Batting: RHB Dan Grable 0-0: Called Strike
0-1: Foul Ball, location: 2F
0-2: Strikes out swinging
Batting: LHB Rogelio Nunez 0-0: Ball
1-0: Ground out 6-3 (Groundball, 6, EV 106.9 MPH)
Batting: RHB Matt Fabre 0-0: Ball
1-0: Ball
2-0: Called Strike
2-1: Swinging Strike
2-2: Strikes out swinging
Top of the 8th over - 0 runs, 0 hits, 0 errors, 0 left on base; El Paso 0 - Oklahoma City 3
BOTTOM OF THE 8TH
Oklahoma City Dodgers batting - Pitching for El Paso Chihuahuas : RHP Rick Cotner
Batting: RHB Sam Saunders 0-0: Ball
1-0: Called Strike
1-1: Called Strike
1-2: Foul Ball, location: 5F, Error on foul ball, E5
1-2: Ball
2-2: Strikes out looking
Batting: RHB Curt Earnest 0-0: Ball
1-0: Swinging Strike
1-1: Foul Ball, location: 2F
1-2: Ball
2-2: Foul Ball, location: 2F
2-2: Strikes out swinging, 2-3 out at first.
Batting: SHB Shane Marcum 0-0: Ball
1-0: Foul Ball, location: 2F
1-1: Called Strike
1-2: TRIPLE (Flyball, 9D, EV 109.4 MPH)
Batting: SHB Ken Welch 0-0: Ball
1-0: Ball
2-0: Ground out 6-3 (Groundball, 6, EV 88.1 MPH)
Bottom of the 8th over - 0 runs, 1 hit, 1 error, 1 left on base; El Paso 0 - Oklahoma City 3
TOP OF THE 9TH
El Paso Chihuahuas batting - Pitching for Oklahoma City Dodgers : RHP Craig Fallon
Pitching: LHP J.P. Blair
Batting: RHB David Aguilar 0-0: DOUBLE (Flyball, 8LXD, EV 98.8 MPH)
Batting: RHB Danny Bunn 0-0: Ball
1-0: Ground out 6-3 (Groundball, 6, EV 96.9 MPH)
Pinch Hitting: RHB Rene Montoya 0-0: Foul Ball, location: 2F
0-1: Foul Ball, location: 2F
0-2: Ball
1-2: Ball
2-2: Ball
3-2: Strikes out looking
Batting: RHB Andy Sheridan 0-0: Called Strike
0-1: Called Strike
0-2: Strikes out swinging
Top of the 9th over - 0 runs, 1 hit, 0 errors, 1 left on base; El Paso 0 - Oklahoma City 3
Thursday, December 15th , 2022 - OOTP Baseball 23.9 Build 102